 Dungeon Crawl Stone Soup version bcrawl-1.21.3 (webtiles) character file.

Game seed: 11310377391951149652

28 Flugslaktarn the Sneak (level 3, -5/21 HPs)
             Began as a Skeleton Archaeologist on Mar 28, 2020.
             Slain by a sky beast (6 damage)
             ... on level 2 of the Dungeon.
             The game lasted 00:00:47 (1440 turns).

Flugslaktarn the Sneak (Skeleton Archaeologist)     Turns: 1440, Time: 00:00:47

Health: -5/21      AC:  9    Str: 17 (18) XL:     3   Next: 0%
Magic:  0/3        EV: 11    Int: 11 (12) God:
Gold:   91         SH:  0    Dex:  6 (7)  Spells: 2/2 levels left

rFire    . . .     SeeInvis .   a - +0 whip
rCold    + . .     Gourm    .   (no shield)
rNeg     + + +     Faith    .   i - +0 scale mail
rPois    ∞         Spirit   +   c - +1 hat
rElec    .         Reflect  .   (no cloak)
rCorr    .         Harm     .   (no gloves)
MR       .....                  d - +1 pair of boots
Stlth    +.........             (no amulet)
HPRegen  0.07/turn              (no ring)
MPRegen  0.08/turn              (no ring)

@: no status effects
A: no food or potions, cold resistance 1, deterioration 1, negative energy
resistance 3, torment resistance, unbreathing, magic shield, sturdy frame 1,
spell healing
a: no special abilities


You were on level 2 of the Dungeon.
You were not hungry.

You visited 1 branch of the dungeon, and saw 2 of its levels.

You collected 91 gold pieces.

Inventory:

Hand Weapons
 a - a +0 whip (weapon)
Armour
 c - a +1 hat (worn)
 d - a +1 pair of boots (worn)
 i - a +0 scale mail (worn)
   (You found it on level 1 of the Dungeon)
Scrolls
 b - a scroll of enchant armour {unknown}
 e - a scroll of magic mapping
 g - 2 scrolls of identify {unknown}
 h - a scroll of teleportation {unknown}
Miscellaneous
 f - a dusty tome


   Skills:
 * Level 2.1 Fighting
 - Level 1.3 Maces & Flails
 * Level 3.6 Dodging
 - Level 3.6 Stealth


You had 2 spell levels left.
You didn't know any spells.
Your spell library was empty.

Dungeon Overview and Level Annotations

Branches:
Dungeon (2/12)

Altars:


Innate Abilities, Weirdness & Mutations

You do not eat or drink.
You are immune to poison.
Your flesh is cold resistant. (rC+)
Your body sometimes deteriorates upon taking damage.
You are immune to negative energy. (rN+++)
You are immune to unholy pain and torment.
You can survive without breathing.
When hurt, damage is shared between your health and your magic reserves.
Your movements are slightly less encumbered by armour. (ER -2)
Casting spells heals you.


Message History

You miss something. Something hits you but does no damage.
You miss something. Something hits you but does no damage.
You miss something.
A sky beast appears from thin air!
Reactivating autopickup.
The sky beast hits you but does no damage.
You barely miss the sky beast.
The sky beast is severely wounded.
The sky beast hits you. The sky beast shocks you.
You hit the sky beast but do no damage.
The sky beast is severely wounded.
The sky beast hits you.
* * * LOW HITPOINT WARNING * * *
The sky beast shocks you.
* * * LOW HITPOINT WARNING * * *
You miss the sky beast.
The sky beast is severely wounded.
The sky beast hits you.
* * * LOW HITPOINT WARNING * * *
The sky beast shocks you.
You die...

### ..# # ##+##
#.#.# ##...##
.#####.#.# ##.<...##
.........###†......#
###...####.........
#.@......'.....%...
#Y#...####.........
#.##.## ##.......#
#. ### ##.[...## #$
##...## #. #+## #.
#.


You could see a sky beast.

Vanquished Creatures
  An ooze (D:2)
  4 leopard geckos
  2 goblins (D:1)
  4 hobgoblins (D:1)
  5 bats (D:1)
  A frilled lizard (D:1)
  2 rats (D:1)
19 creatures vanquished.

Notes
Turn   | Place    | Note
-------+----------+-------------------------------------------
     0 | D:1      | Flugslaktarn the Skeleton Archaeologist began the quest for
                  | the Orb.
     0 | D:1      | Reached XP level 1. HP: 12/12 MP: 1/1
   254 | D:1      | Reached XP level 2. HP: 13/16 MP: 2/2
  1322 | D:2      | Reached XP level 3. HP: 14/21 MP: 3/3
  1419 | D:2      | Noticed a sky beast
  1440 | D:2      | HP: 1/21 [sky beast (1)]
  1440 | D:2      | Slain by a sky beast

Skill      XL: |  1  2 |
---------------+-------+-----
Fighting       | 2 |  2.1
Maces & Flails | |  1.3
Dodging        | |  3.6
Stealth        | |  3.6

Action                   || total
-------------------------++-------
Melee: Whip              ||   125
 Stab: Sleeping          ||     3
Armor: Robe              ||    33
       Scale mail        ||    33
Dodge: Dodged            ||    84
